 Dungeon Crawl Stone Soup version 0.26-a0-962-g9b92081034 (webtiles) character file.

Game seed: 6759200603970789137

32 Dracia the Grasshopper (level 3, 0/27 HPs)
             Began as a Demonspawn Warper on Dec 1, 2020.
             Slain by a worm (7 damage)
             ... on level 2 of the Dungeon.
             The game lasted 00:01:38 (1346 turns).

Dracia the Grasshopper (Demonspawn Warper)          Turns: 1346, Time: 00:01:38

Health: 0/27       AC:  3    Str: 11    XL:     3   Next: 8%
Magic:  6/6        EV: 12    Int: 15    God:
Gold:   47         SH:  0    Dex: 12    Spells: 1/6 levels left

rFire    . . .     SeeInvis .   a - +0 spear
rCold    . . .     Faith    .   (no shield)
rNeg     . . .     Spirit   .   b - +0 leather armour
rPois    .         Reflect  .   (no helmet)
rElec    .         Harm     .   (no cloak)
rCorr    .         Rampage  .   (no gloves)
MR       .....                  (no boots)
Stlth    +.........             (no amulet)
HPRegen  0.09/turn              (no ring)
MPRegen  0.10/turn              (no ring)

@: no status effects
A: hooves 1, rot immunity
a: no special abilities


You were on level 2 of the Dungeon.
You visited 1 branch of the dungeon, and saw 2 of its levels.

You collected 47 gold pieces.


Innate Abilities, Weirdness & Mutations

You have large cloven feet.
You are immune to rotting.


   Skills:
 + Level 2.2 Fighting
 + Level 2.0 Polearms
 + Level 1.2 Throwing
 + Level 1.2 Armour
 + Level 2.0 Dodging
 + Level 2.1 Spellcasting
 + Level 2.9 Translocations


You had one spell level left.
You knew the following spells:

 Your Spells              Type           Power        Failure   Level
a - Blink                 Tloc           N/A          13%         2
b - Gell's Gravitas       Tloc           ##........   26%         3

Your spell library contained the following spells:

 Spells                   Type           Power        Failure   Level
 Lesser Beckoning         Tloc           ##........   26%         3
 Teleport Other           Tloc           ##......     26%         3
 Passage of Golubria      Tloc           N/A          63%         4

Inventory:

Hand Weapons
 a - a +0 spear (weapon)
Missiles
 e - 5 boomerangs of dispersal (quivered) {=f}
 m - 4 silver boomerangs
Armour
 b - a +0 leather armour (worn)
Jewellery
 k - an uncursed amulet of the acrobat {unknown}
Scrolls
 c - a scroll of immolation {unknown}
 d - a scroll of blinking
 f - 3 scrolls of identify {unknown}
 j - a scroll of remove curse {unknown}
 l - 2 scrolls of teleportation {unknown}
Potions
 g - a potion of berserk rage {unknown}
 h - a potion of heal wounds {unknown}
 i - a potion of attraction {unknown}

Dungeon Overview and Level Annotations

Branches:
Dungeon (2/15)

Altars:

#..####.##..#
#.##..# #.##.>#
#.##..######
#..........#
####..####.#####
#÷.# #......
##..###..#.#
##....w@....#
#..#####.#..###.†###
#......(###.#
#.....#
##.#####.#.##
#.###.... ##.## #.#
#.. #.#####.# #
#.#...#.# #####..#
... #.....## #.#


You could see a worm.


Message History

The ball python constricts you.
You barely miss the ball python. You kick the ball python.
You kill the ball python!
The jackal bites you. The jackal barely misses you.
You hit the jackal.
You kill the jackal!
You reach to attack!
You hit the worm.
The worm is lightly wounded.
You barely miss the worm. You kick the worm.
The worm is moderately wounded.
The worm bites you!
* * * LOW HITPOINT WARNING * * *
You are too injured to fight recklessly!
You are too injured to fight recklessly!
You are too injured to fight recklessly!
You hit the worm but do no damage.
The worm is moderately wounded.
You hit the worm.
The worm is heavily wounded.
The worm bites you.
* * * LOW HITPOINT WARNING * * *
You completely miss the worm.
The worm is heavily wounded.
You hit the worm. You kick the worm, but do no damage.
The worm is heavily wounded.
The worm barely misses you.
You barely miss the worm. You kick the worm.
The worm is heavily wounded.
The worm bites you!
You die...

Skill      XL: |  1  2 |
---------------+-------+-----
Throwing       | 1 |  1.2
Armour         | 1 |  1.2
Dodging        | 2 |  2.0
Polearms       | 2 |  2.0
Fighting       | |  2.2
Spellcasting   | |  2.1
Translocations | |  2.9

Action                   || total
-------------------------++-------
Melee: Spear             ||   119
       Kick              ||     5
 Cast: Blink             ||     4
 Stab: Sleeping          ||     1
Armor: Leather armour    ||    29
Dodge: Dodged            ||    62

Levels and vault maps discovered:
D:1:      dpeg_arrival_another_circle, layout_rooms, item_on_display_a
D:2:      layout_loops_ring, elyvilon_altar_1

Notes
Turn   | Place    | Note
-------+----------+-------------------------------------------
     0 | D:1      | Dracia the Demonspawn Warper began the quest for the Orb.
     0 | D:1      | Reached XP level 1. HP: 16/16 MP: 3/3
   186 | D:1      | Reached skill level 1 in Throwing
   186 | D:1      | Reached skill level 1 in Armour
   245 | D:1      | Gained mutation: You are immune to rotting. [demonic
                  | ancestry]
   245 | D:1      | Reached XP level 2. HP: 22/22 MP: 5/5
   254 | D:1      | Learned a level 2 spell: Blink
   670 | D:1      | Reached skill level 2 in Dodging
   950 | D:2      | Reached skill level 2 in Polearms
  1046 | D:1      | HP: 2/22 [bat (1)]
  1053 | D:1      | Gained mutation: You have large cloven feet. [demonic
                  | ancestry]
  1053 | D:1      | Reached XP level 3. HP: 2/27 MP: 0/6
  1330 | D:1      | Learned a level 3 spell: Gell's Gravitas
  1346 | D:2      | Slain by a worm

Vanquished Creatures
  A dart slug (D:1)
  A leopard gecko (D:1)
  2 ball pythons
  4 bats
  3 giant cockroaches
  4 hobgoblins
  A jackal (D:2)
  A frilled lizard (D:1)
  3 kobolds
  7 rats
27 creatures vanquished.

Table legend: (Time is in decaauts)
 A = Elapsed time spent in this place.
 B = Non-inter-level travel time spent in this place.
 C = Inter-level travel time spent in this place.
 D = Time resting spent in this place.
 E = Time spent auto-exploring this place.
 F = Levels seen in this place.
 G = Mean time per level.
                   A        B        C        D        E       F      G
               +--------+--------+--------+--------+--------+-----+--------+
         Total |   1347 |   1315 |     32 |    488 |    610 |   2 |  673.5 |
       Dungeon |   1347 |   1315 |     32 |    488 |    610 |   2 |  673.5 |
               +--------+--------+--------+--------+--------+-----+--------+

Top non-repeatable levels by time:
     D:1: 1148 daAuts
     D:2: 199 daAuts

Table legend:
 A = Non-vault XP
 B = Vault XP
 C = Vault XP percentage of total XP
 D = Non-vault monster count
 E = Vault monster count
 F = Vault count percentage of total count
                 A         B        C        D         E       F
            +---------+---------+-------+---------+---------+-------
      Total |      46 |       0 |   0.0 |      27 |       0 |   0.0
            +---------+---------+-------+---------+---------+-------
        D:1 |      31 |       0 |   0.0 |      18 |       0 |   0.0
        D:2 |      15 |       0 |   0.0 |       9 |       0 |   0.0
            +---------+---------+-------+---------+---------+-------
